AoeStats
← BloodTearss

Arena

510560323Analyzed
4v4 RM · 2d ago on Oct 1, 2026· 50m 27s· 8 players
Game mode
Random Map
Map size
Large (8 player)
Population
200
Speed
Normal
Resources
Standard
Victory
Conquest
Starting age
Dark Age
Ending age
Imperial Age
RankedLock teamsTeams togetherTeam positionsShared explorationLock speedFull tech treeHidden civsTurbo modeCheats
Victory
Defeat
🇺🇸 Turks · United States
983
+12
🇺🇸 Jurchens · United States
980
+12
🇺🇸 Armenians · United States
942
+13
🇧🇷 Spanish · Brazil
762
+21
🇷🇺 Franks · Russia
915
-22
🇷🇺 Cumans · Russia
879
-17
🇦🇷 Italians · Argentina
874
-14
🇨🇳 Burgundians · China
870
-14
CheLoco3552
10:59 Feudal Age
14:28 Castle Age
12:43 Double-Bit Axe
12:58 Horse Collar
15:35 Bow Saw
20:36 Fletching
22:33 Padded Archer Armor
23:38 Town Watch
24:18 Gold Mining
25:09 Wheelbarrow
25:13 Leather Archer Armor
26:33 Bodkin Arrow
30:36 Ballistics
33:32 Imperial Age
31:01 Stone Mining
35:57 Elite Genoese Crossbowman
39:24 Bracer
43:38 Ring Archer Armor
Fat & Furious
12:48 Feudal Age
17:13 Castle Age
15:40 Double-Bit Axe
20:00 Gold Mining
20:43 Bow Saw
21:49 Wheelbarrow
22:54 Scale Barding Armor
23:38 Husbandry
28:36 Gold Shaft Mining
27:53 Stone Mining
33:42 Imperial Age
31:26 Scale Barding Armor
31:32 Forging
33:50 Chain Barding Armor
34:06 Iron Casting
33:51 Hand Cart
34:26 Cavalier
35:50 Plate Barding Armor
37:24 Paladin
39:36 Chivalry
42:47 Siege Engineers
44:37 Caravan
Spumae
11:37 Feudal Age
19:50 Castle Age
19:17 Double-Bit Axe
19:16 Horse Collar
19:45 Fletching
20:55 Bloodlines
23:11 Bodkin Arrow
23:17 Padded Archer Armor
30:22 Ballistics
34:41 Loom
wkl
3:07 Loom
8:26 Double-Bit Axe
10:59 Wheelbarrow
10:08 Horse Collar
14:24 Feudal Age
16:57 Bow Saw
18:57 Castle Age
17:14 Gold Mining
17:47 Town Watch
18:07 Heavy Plow
18:57 Stone Mining
19:43 Gold Shaft Mining
23:09 Two-Man Saw
26:25 Crop Rotation
29:09 Hand Cart
28:56 Town Patrol
30:37 Burgundian Vineyards
35:12 Imperial Age
33:25 Stone Shaft Mining
34:27 Forging
34:07 Fletching
34:18 Padded Archer Armor
34:18 Scale Mail Armor
34:24 Scale Barding Armor
36:27 Iron Casting
35:47 Bodkin Arrow
36:22 Arson
37:33 Light Cavalry
38:13 Husbandry
38:38 Conscription
37:49 Flemish Revolution
37:51 Elite Coustillier
37:57 Cavalier
39:31 Paladin
39:32 Hussar
41:27 Caravan
43:32 Chain Mail Armor
43:33 Leather Archer Armor
43:38 Chain Barding Armor
44:19 Blast Furnace
43:19 Bracer
46:09 Plate Mail Armor
46:45 Chemistry
45:31 Arrowslits
45:42 Murder Holes
45:28 Treadmill Crane
45:58 Masonry
46:09 Ballistics
45:40 Guard Tower
46:00 Fortified Wall
Fryy
5:11 Loom
11:33 Feudal Age
16:14 Castle Age
14:37 Double-Bit Axe
14:43 Gold Mining
21:27 Imperial Age
23:35 Padded Archer Armor
24:11 Bow Saw
23:46 Horse Collar
24:53 Wheelbarrow
25:39 Loom
27:35 Stone Mining
28:22 Gold Shaft Mining
28:58 Heavy Plow
31:20 Hand Cart
34:57 Elite Janissary
36:10 Caravan
37:30 Ballistics
40:45 Fletching
41:10 Leather Archer Armor
49:17 Two-Man Saw
BloodTearss
10:57 Feudal Age
14:52 Castle Age
15:56 Loom
28:03 Double-Bit Axe
30:30 Fletching
30:40 Padded Archer Armor
34:15 Bodkin Arrow
34:08 Horse Collar
34:21 Gold Mining
39:27 Wheelbarrow
39:39 Squires
39:25 Gambesons
39:05 Pikeman
41:36 Leather Archer Armor
46:20 Hand Cart
46:24 Halberdier
49:02 Heavy Plow
sleW
0:27 Loom
9:21 Loom
9:35 Loom
11:20 Feudal Age
13:34 Double-Bit Axe
13:39 Horse Collar
16:08 Castle Age
15:10 Scale Mail Armor
23:59 Gambesons
25:22 Chain Mail Armor
27:00 Forging
29:13 Wheelbarrow
31:47 Iron Casting
31:28 Siege Engineers
36:34 Gold Mining
39:47 Imperial Age
40:25 Heavy Rocket Cart
40:34 Elite Fire Lancer
46:04 Blast Furnace
itsdebbie
9:01 Loom
10:56 Feudal Age
12:47 Wheelbarrow
16:13 Scale Barding Armor
16:14 Padded Archer Armor
18:20 Castle Age
17:17 Gold Mining
17:37 Double-Bit Axe
21:20 Stone Mining
22:12 Horse Collar
24:42 Hand Cart
29:46 Stone Shaft Mining
32:12 Heavy Plow
34:30 Bow Saw
42:05 Imperial Age
48:27 Elite Conquistador
50:42 Chemistry
49:53 Fortified Wall
49:39 Murder Holes
49:36 Guard Tower
50:12 Ballistics
50:07 Masonry
Connection lost

Rejoining the realm…

Still unreachable

The connection could not be restored.

Session expired

The server has moved on; the page needs a fresh start.